 Dungeon Sprint DCSS version 0.15-a0-110-gb05c47c (webtiles) character file.

35042 BluebellGnoll the Imperceptible (level 13, -4/57 HPs)
             Began as a Spriggan Assassin on Apr 10, 2014.
             Was the Champion of Vehumet.
             Slain by Tymuott the pandemonium lord (19 damage)
             ... in the Dungeon (Sprint IV: "Fedhas' Mad Dash").
             The game lasted 01:18:43 (4651 turns).

BluebellGnoll the Imperceptible (Spriggan Assassin) Turns: 4651, Time: 01:18:43

HP  -4/57        AC 11     Str  6      XL: 13   Next: 45%
MP  12/40        EV 29     Int 23      God: Vehumet [******]
Gold 5           SH  0     Dex 21      Spells: 11 memorised, 14 levels left

rFire  . . .     SeeInvis +     t - +0,+2 cutlass (flame)
rCold  . . .     Clarity  .     H - +4 faerie dragon armour {Str-1 Dex+3 Int+1}
rNeg   . . .     Conserve .     (shield restricted)
rPois  .         rCorr    .     (helmet restricted)
rElec  .         rRot     .     d - +0 cloak
SustAb . .       Spirit   .     (gloves unavailable)
rMut   .         Warding  .     (boots unavailable)
Saprov . . .     NoTele   +     (no amulet)
MR     ++...                    (no ring)
                                o - ring of invisibility

@: brilliant, very quick, very resistant to hostile enchantments, very stealthy
A: unfitting armour, see invisible, herbivore 3, speed 3, slow metabolism 2
a: Renounce Religion, Evoke Invisibility
0: Orb of Zot


You were in the Dungeon.
You worshipped Vehumet.
Vehumet was exalted by your worship.
You were very hungry.

You visited 1 branch You collected 491 gold pieces.
You spent 486 gold pieces at shops.

Inventory:

Hand weapons
 b - a +0 blowgun
 q - a +4,+5 quick blade
 r - a +2,+1 cutlass of venom
 t - a +0,+2 cutlass of flaming (weapon)
Missiles
 e - 8 poisoned needles
 f - 2 curare-tipped needles
 n - 30 darts (quivered)
Armour
 d - a +0 cloak (worn)
 z - a +0 robe of magic resistance
 F - a +1 buckler of protection
 H - the +4 faerie dragon armour (worn) {Str-1 Dex+3 Int+1}
   (You took it off the Enchantress in the Dungeon)

   It affects your strength (-1).
   It affects your intelligence (+1).
   It affects your dexterity (+3).
Magical devices
 x - a wand of fire (3)
Comestibles
 c - 3 pieces of ambrosia
Scrolls
 A - 2 scrolls of remove curse
Jewellery
 a - an uncursed ring of regeneration
 o - a ring of invisibility (left hand)
Potions
 g - a potion of porridge
 h - 2 potions of curing
 k - a potion of magic
 l - a potion of berserk rage
 s - a potion of resistance {unknown}
 B - a potion of degeneration {unknown}
 D - a potion of agility {unknown}
 E - a potion of lignification
Books
 j - a Necronomicon {highlevel, unknown}

   This book is beyond your current level of understanding.

   Spells                             Type                      Level
   Haunt                              Necromancy/Summoning         7
   Borgnjor's Revivification          Necromancy                   8
   Death's Door                       Charms/Necromancy            8
   Necromutation                      Transmutation/Necromancy     8
 u - a book of Clouds

   Spells                             Type                      Level
   *Mephitic Cloud                    Conjuration/Poison/Air       3
   *Conjure Flame                     Conjuration/Fire             3
   *Poisonous Cloud                   Conjuration/Poison/Air       6
   *Freezing Cloud                    Conjuration/Ice/Air          6
   Ring of Flames                     Charms/Fire                  7
 w - a book of Party Tricks

   Spells                             Type                      Level
   *Summon Butterflies                Summoning                    1
   Apportation                        Translocation                1
   *Blink                             Translocation                2
   Alistair's Intoxication            Transmutation/Poison         4
   Tukima's Dance                     Hexes                        5


   Skills:
 - Level 1.5 Fighting
 - Level 9.9 Short Blades
 - Level 2.1 Throwing
 - Level 17.3 Dodging
 - Level 24.2 Stealth
 + Level 21.0 Spellcasting
 - Level 12.1 Conjurations
 - Level 2.7 Charms
 - Level 11.1 Air Magic
 - Level 8.8 Poison Magic


You had 14 spell levels left.
You knew the following spells:

 Your Spells              Type           Power        Failure   Level  Hunger
a - Shock                 Conj/Air       ####         1%          1    None
b - Searing Ray           Conj           ######       1%          2    None
c - Mephitic Cloud        Conj/Pois/Air  ######..     1%          3    None
d - Conjure Flame         Conj/Fire      ######..     1%          3    None
e - Poisonous Cloud       Conj/Pois/Air  ######....   1%          6    ###....
f - Iskenderun's Battles  Conj/Chrm      ######..     1%          5    None
g - Fireball              Conj/Fire      ######....   1%          5    None
h - Blink                 Tloc           N/A          1%          2    None
i - Freezing Cloud        Conj/Ice/Air   ######....   1%          6    ###....
j - Summon Butterflies    Summ           #####...     1%          1    None
k - Conjure Ball Lightni  Conj/Air       ######....   1%          6    ###....


Dungeon Overview and Level Annotations

Branches:
Dungeon (1/1)

Altars:
Cheibriados
Dithmenos
Elyvilon
Kikubaaqudgha
Makhleb
Nemelex Xobeh
Okawaru
Sif Muna
Trog
Vehumet
Xom
Yredelemnul
Zin
The Shining One
Beogh
Jiyva
Lugonu

Shops:
D }*!?=![[*%***(:*!%}[(


Innate Abilities, Weirdness & Mutations

You are tiny and cannot use many weapons and most armour.
You have supernaturally acute eyesight.
You are a herbivore.
You cover ground extremely quickly.
You need consume almost no food.


Message History

There is an open door here.
Casting: Fireball
Confirm with . or Enter, or press ? or * to list all spells.
Aiming: Fireball
Press: ? - help, Shift-Dir - straight line, f - Tymuott
Aim: Tymuott The fireball explodes!
The fireball engulfs Tymuott.
Tymuott is lightly wounded.
Tymuott completely misses you.
An iron devil comes into view.
Tymuott sneers, "Kneel, thou puking mumble-news pussyfoot!"
Casting: Fireball
Confirm with . or Enter, or press ? or * to list all spells.
Aiming: Fireball
Press: ? - help, Shift-Dir - straight line, f/p - Tymuott
Aim: Tymuott (lightly wounded)
The fireball explodes!
The fireball engulfs Tymuott.
Tymuott is moderately wounded.
Tymuott hits you!
You die...

......)..(.(.♣.[...∩.∩...)#
.)P.(.#####################
####### ####### #######
##..#####...∩∩###....|###
....'.........##...P..'%#
....#####P....'.......### ..§.#
##################
.§§§#####∩∩∩#............########
..§§4....∩.∩'..&@........'.......
...§#####∩∩∩#............#######.
################################.
♣..♣.....♣.....♣.....♣..♣..♣..♣..
..).[.[.........)..)......[[.....
♣..♣...).♣.....♣[....♣..♣.....♣..
#################################
###.....#####....######......####
................................♣


You could see Tymuott.

Vanquished Creatures
  the Enchantress (D)
  Agnes (D)
  2 ghost moths (D)
  6 spriggan defenders (D)
  5 spriggan berserkers (D)
  4 spriggan druids (D)
  A hellion (D)
  25 oklob plants (D)
  3 moths of wrath (D)
  4 demonic crawlers (D)
  A hellwing (D)
  6 giant fireflies (D)
  3 wandering mushrooms (D)
  2 queen bees (D)
  3 burning bushes (D)
  4 yellow wasps (D)
  2 scorpions (D)
  4 killer bees (D)
  5 oklob saplings (D)
  2 worker ants (D)
  11 spriggans (D)
  A green rat (D)
  2 giant spores (D)
  A rat (D)
  A ballistomycete (D)
  A fungus (D)
101 creatures vanquished.

Vanquished Creatures (others)
  A bush (D)
1 creature vanquished.

Grand Total: 102 creatures vanquished

Notes
Turn   | Place    | Note
--------------------------------------------------------------
     0 | D        | BluebellGnoll, the Spriggan Assassin, began the quest for the Orb.
     0 | D        | Reached XP level 1. HP: 10/10 MP: 2/2
     8 | D        | Reached skill level 8 in Stealth
     8 | D        | Reached XP level 2. HP: 14/14 MP: 4/4
    13 | D        | Reached skill level 9 in Stealth
    19 | D        | Noticed an oklob sapling
    21 | D        | Killed an oklob sapling
    21 | D        | Reached skill level 11 in Stealth
    21 | D        | Reached XP level 3. HP: 16/18 MP: 6/6
    23 | D        | Noticed a worker ant
    25 | D        | Killed a worker ant
    25 | D        | Reached skill level 12 in Stealth
    39 | D        | Found a snail-covered altar of Cheibriados.
    39 | D        | Found a glowing silver altar of Zin.
    39 | D        | Found a white marble altar of Elyvilon.
    39 | D        | Found a viscous altar of Jiyva.
    39 | D        | Found a radiant altar of Vehumet.
    39 | D        | Found an ancient bone altar of Kikubaaqudgha.
    39 | D        | Found a bloodstained altar of Trog.
    39 | D        | Found a corrupted altar of Lugonu.
    39 | D        | Noticed an oklob sapling priest
    40 | D        | Found a glowing golden altar of the Shining One.
    40 | D        | Found a deep blue altar of Sif Muna.
    41 | D        | Found a burning altar of Makhleb.
    41 | D        | Found a sparkling altar of Nemelex Xobeh.
    42 | D        | Found an iron altar of Okawaru.
    43 | D        | Found a shadowy altar of Dithmenos.
    43 | D        | Found a shimmering altar of Xom.
    44 | D        | Found a basalt altar of Yredelemnul.
    45 | D        | Found a roughly hewn altar of Beogh.
    46 | D        | Killed an oklob sapling priest
    46 | D        | Reached skill level 14 in Stealth
    46 | D        | Reached XP level 4. HP: 20/22 MP: 8/8
    48 | D        | Became a worshipper of Vehumet
    55 | D        | Noticed an oklob sapling
    58 | D        | Killed an oklob sapling
    58 | D        | Reached skill level 15 in Stealth
    71 | D        | Noticed a queen bee
    72 | D        | Noticed a killer bee
    73 | D        | Noticed a killer bee
    77 | D        | Noticed a killer bee
    77 | D        | Noticed a killer bee
    79 | D        | Killed a killer bee
    79 | D        | Reached skill level 16 in Stealth
    79 | D        | Reached XP level 5. HP: 25/25 MP: 7/10
    80 | D        | Killed a killer bee
    80 | D        | Reached skill level 17 in Stealth
    82 | D        | Killed a killer bee
    82 | D        | Acquired Vehumet's first power
    82 | D        | Offered knowledge of Shock by Vehumet.
    82 | D        | Reached skill level 18 in Stealth
    84 | D        | Killed a killer bee
    84 | D        | Reached XP level 6. HP: 30/30 MP: 9/12
    85 | D        | Killed a queen bee
    85 | D        | Reached skill level 21 in Stealth
    85 | D        | Reached XP level 7. HP: 33/33 MP: 12/14
    87 | D        | Noticed an oklob plant
    90 | D        | Killed an oklob plant
    90 | D        | Reached skill level 23 in Stealth
   102 | D        | Noticed a burning bush
   105 | D        | Killed a burning bush
   105 | D        | Reached skill level 24 in Stealth
   105 | D        | Reached XP level 8. HP: 37/37 MP: 16/16
   227 | D        | Noticed an oklob sapling wizard
   230 | D        | Killed an oklob sapling wizard
   240 | D        | Learned a level 1 spell: Shock
   240 | D        | Noticed a scorpion
   243 | D        | Offered knowledge of Searing Ray by Vehumet.
   246 | D        | Killed a scorpion
   262 | D        | Learned a level 2 spell: Searing Ray
   262 | D        | Found Vageh's Book Shop.
   262 | D        | Found Jaca Tho's Antique Weapon Emporium.
   279 | D        | Noticed a burning bush
   279 | D        | Noticed a wandering mushroom
   280 | D        | Noticed a scorpion
   280 | D        | Noticed a wandering mushroom
   283 | D        | Killed a burning bush
   283 | D        | Reached skill level 5 in Short Blades
   284 | D        | Killed a wandering mushroom
   285 | D        | Killed a wandering mushroom
   287 | D        | Killed a scorpion
   290 | D        | Found Sempiyma's Gadget Emporium.
   290 | D        | Found Shript's Food Shoppe.
   438 | D        | Noticed an oklob sapling
   438 | D        | Noticed a wandering mushroom
   438 | D        | Noticed a burning bush
   438 | D        | Noticed an oklob plant
   440 | D        | Killed a burning bush
   440 | D        | Reached skill level 10 in Dodging
   440 | D        | Reached XP level 9. HP: 41/41 MP: 15/18
   445 | D        | Killed an oklob plant
   447 | D        | Killed an oklob sapling
   449 | D        | Killed a wandering mushroom
   460 | D        | Noticed a spriggan druid
   461 | D        | Killed a spriggan druid
   461 | D        | Offered knowledge of Inner Flame by Vehumet.
   492 | D        | Noticed an oklob plant conjurer
   493 | D        | Killed an oklob plant conjurer
   493 | D        | Reached skill level 5 in Conjurations
   559 | D        | Noticed an oklob plant
   559 | D        | Noticed an oklob plant shifter
   559 | D        | Noticed an oklob plant summoner
   564 | D        | Killed an oklob plant
   564 | D        | Reached XP level 10. HP: 46/46 MP: 19/19
   567 | D        | Killed an oklob plant summoner
   569 | D        | Killed an oklob plant shifter
   572 | D        | Noticed a demonic crawler
   574 | D        | Killed a demonic crawler
   574 | D        | Acquired Vehumet's second power
   574 | D        | Reached skill level 5 in Spellcasting
   645 | D        | Noticed a spriggan rider
   645 | D        | Noticed a spriggan
   645 | D        | Noticed a spriggan
   646 | D        | Found Vayjas' Armour Emporium.
   653 | D        | Killed a spriggan
   653 | D        | Offered knowledge of Static Discharge by Vehumet.
   660 | D        | Killed a spriggan rider
   660 | D        | Killed a giant firefly
   660 | D        | Acquired Vehumet's third power
   660 | D        | Reached skill level 15 in Dodging
   661 | D        | Killed a spriggan
   740 | D        | Found Voppuc's Antique Weapon Shoppe.
   762 | D        | Learned a level 3 spell: Mephitic Cloud
   766 | D        | Learned a level 3 spell: Conjure Flame
   794 | D        | Learned a level 6 spell: Poisonous Cloud
   794 | D        | Noticed Agnes
   796 | D        | Found Qist's General Store.
   796 | D        | Noticed a spriggan berserker
   798 | D        | Found Soguxaps' Distillery.
   800 | D        | Killed Agnes
   804 | D        | Killed a spriggan berserker
   804 | D        | Offered knowledge of Iskenderun's Battlesphere by Vehumet.
   804 | D        | Reached XP level 11. HP: 42/49 MP: 33/33
   812 | D        | Noticed a spriggan defender
   841 | D        | Killed a spriggan defender
   860 | D        | Learned a level 5 spell: Iskenderun's Battlesphere
   910 | D        | Noticed a spriggan rider
   947 | D        | Killed a spriggan
   947 | D        | Offered knowledge of Bolt of Magma by Vehumet.
   947 | D        | Reached skill level 1 in Charms
   948 | D        | Killed a giant firefly
  1083 | D        | Noticed a spriggan
  1091 | D        | Killed a spriggan
  1095 | D        | Noticed a yellow wasp
  1095 | D        | Noticed a demonic crawler
  1095 | D        | Noticed a ghost moth
  1107 | D        | Found Ysiarier's Distillery.
  1107 | D        | Found Duorph's General Store.
  1108 | D        | Found Trynkay's Gadget Shoppe.
  1114 | D        | Killed a demonic crawler
  1114 | D        | Reached skill level 5 in Poison Magic
  1115 | D        | Killed a ghost moth
  1117 | D        | Killed a yellow wasp
  1142 | D        | Bought a potion of brilliance for 25 gold pieces
  1144 | D        | Bought a potion of heal wounds for 39 gold pieces
  1241 | D        | Noticed an oklob plant shifter
  1241 | D        | Noticed an oklob plant meteorologist
  1245 | D        | Killed an oklob plant meteorologist
  1253 | D        | Killed an oklob plant shifter
  1262 | D        | Noticed a demonic crawler
  1262 | D        | Noticed a yellow wasp
  1263 | D        | Noticed a spriggan rider
  1263 | D        | Noticed a yellow wasp
  1299 | D        | Killed a spriggan
  1304 | D        | Killed a yellow wasp
  1305 | D        | Killed a yellow wasp
  1305 | D        | Killed a giant firefly
  1537 | D        | Killed a demonic crawler
  1537 | D        | Offered knowledge of Fireball by Vehumet.
  1544 | D        | Learned a level 5 spell: Fireball
  1721 | D        | Learned a level 2 spell: Blink
  1723 | D        | Found Truni's Jewellery Shoppe.
  1723 | D        | Found Oqempeq's Food Emporium.
  1723 | D        | Found Plog's Distillery.
  1723 | D        | Found Breuch's Antique Armour Emporium.
  1724 | D        | Found Dimy's Magic Scroll Shop.
  1724 | D        | Found Frahom's Antique Armour Shoppe.
  1724 | D        | Found Smifef's Assorted Antiques.
  1724 | D        | Found Iteissenu's Assorted Antiques.
  1728 | D        | Noticed an oklob plant summoner
  1729 | D        | Found Sicuada's Assorted Antiques.
  1730 | D        | Found Brownooh's General Store.
  1736 | D        | Killed an oklob plant summoner
  1741 | D        | Noticed an oklob plant annihilator
  1742 | D        | Noticed an oklob plant demonologist
  1742 | D        | Noticed a spriggan berserker
  1754 | D        | Noticed a sun demon
  2115 | D        | Killed a spriggan berserker
  2248 | D        | Bought a potion of heal wounds for 36 gold pieces
  2248 | D        | Bought a potion of heal wounds for 36 gold pieces
  2251 | D        | Bought a scroll of identify for 28 gold pieces
  2254 | D        | Bought a slimy blue potion for 13 gold pieces
  2254 | D        | Bought a scroll labeled IBOPHA SIPLIR for 15 gold pieces
  2254 | D        | Bought a fizzy silvery potion for 13 gold pieces
  2254 | D        | Bought a scroll labeled STRIYH CHEXTYM for 15 gold pieces
  2254 | D        | Bought a scroll labeled IBOPHA SIPLIR for 15 gold pieces
  2258 | D        | Bought a scroll of identify for 28 gold pieces
  2258 | D        | Bought a scroll of identify for 28 gold pieces
  2261 | D        | Bought a scroll labeled IBOPHA SIPLIR for 25 gold pieces
  2261 | D        | Bought a fizzy red potion for 22 gold pieces
  2261 | D        | Bought a slimy blue potion for 22 gold pieces
  2261 | D        | Bought a green potion for 22 gold pieces
  2261 | D        | Bought a sedimented pink potion for 22 gold pieces
  2261 | D        | Bought a gluggy cyan potion for 22 gold pieces
  2280 | D        | Bought 2 scrolls of identify for 60 gold pieces
  2288 | D        | Noticed an oklob plant
  2288 | D        | Noticed an oklob plant
  2288 | D        | Noticed an oklob plant
  2288 | D        | Noticed an oklob plant
  2288 | D        | Noticed an oklob plant
  2288 | D        | Noticed an oklob plant
  2288 | D        | Noticed an oklob plant
  2582 | D        | Noticed an oklob plant
  2584 | D        | Killed an oklob plant
  2585 | D        | Noticed an oklob plant
  2587 | D        | Killed an oklob plant
  2588 | D        | Noticed an oklob plant
  2589 | D        | Killed an oklob plant
  2590 | D        | Noticed an oklob plant
  2593 | D        | Killed an oklob plant
  2594 | D        | Noticed an oklob plant
  2595 | D        | Killed an oklob plant
  2595 | D        | Reached XP level 12. HP: 29/53 MP: 34/34
  2597 | D        | Killed an oklob plant
  2597 | D        | Reached skill level 10 in Conjurations
  2599 | D        | Killed an oklob plant
  2601 | D        | Killed an oklob plant
  2603 | D        | Killed an oklob plant
  2605 | D        | Killed an oklob plant
  2921 | D        | Killed an oklob plant annihilator
  2925 | D        | Killed an oklob plant demonologist
  2931 | D        | Noticed a worker ant
  2933 | D        | Killed a worker ant
  3086 | D        | Killed an oklob plant
  3090 | D        | Killed an oklob plant
  3208 | D        | Learned a level 6 spell: Freezing Cloud
  3211 | D        | Noticed a spriggan defender
  3211 | D        | Noticed a spriggan defender
  3216 | D        | Noticed a spriggan druid
  3226 | D        | Killed a spriggan druid
  3227 | D        | Killed a spriggan defender
  3496 | D        | Killed a spriggan defender
  3670 | D        | Noticed a spriggan druid
  3673 | D        | Noticed a spriggan berserker
  3675 | D        | Noticed a spriggan berserker
  3676 | D        | Killed a spriggan druid
  3685 | D        | Killed a spriggan berserker
  3693 | D        | Killed a spriggan berserker
  3693 | D        | Reached skill level 15 in Spellcasting
  3803 | D        | Noticed a spriggan rider
  3803 | D        | Noticed a spriggan rider
  3817 | D        | Killed a spriggan
  3818 | D        | Killed a giant firefly
  3820 | D        | Killed a giant firefly
  3825 | D        | Killed a spriggan
  3906 | D        | Noticed a spriggan defender
  3906 | D        | Noticed a spriggan druid
  3929 | D        | Noticed a moth of wrath
  3930 | D        | Killed a spriggan druid
  3930 | D        | Killed a spriggan defender
  3938 | D        | Killed a moth of wrath
  4044 | D        | Noticed the Enchantress
  4050 | D        | Learned a level 1 spell: Summon Butterflies
  4060 | D        | Killed the Enchantress
  4060 | D        | Offered knowledge of Venom Bolt by Vehumet.
  4060 | D        | Reached skill level 10 in Air Magic
  4060 | D        | Reached XP level 13. HP: 46/57 MP: 33/39
  4062 | D        | Got a faerie dragon armour
  4078 | D        | Identified the +4 faerie dragon armour {Str-1 Dex+3 Int+1} (You took it off the Enchantress in the Dungeon)
  4083 | D        | Noticed a demonic crawler
  4083 | D        | Noticed an oklob plant annihilator
  4085 | D        | Noticed an oklob plant demonologist
  4106 | D        | Killed a demonic crawler
  4143 | D        | Killed an oklob plant demonologist
  4145 | D        | Killed an oklob plant annihilator
  4151 | D        | Noticed a spriggan rider
  4245 | D        | Noticed a moth of wrath
  4248 | D        | Killed a spriggan
  4251 | D        | Killed a giant firefly
  4251 | D        | Killed a moth of wrath
  4252 | D        | Noticed a queen bee
  4256 | D        | Killed a queen bee
  4346 | D        | Noticed a yellow wasp
  4349 | D        | Killed a yellow wasp
  4356 | D        | Noticed a moth of wrath
  4359 | D        | Killed a moth of wrath
  4359 | D        | Offered knowledge of Conjure Ball Lightning by Vehumet.
  4405 | D        | Learned a level 6 spell: Conjure Ball Lightning
  4426 | D        | Noticed a ghost moth
  4426 | D        | Noticed a spriggan berserker
  4434 | D        | Killed a spriggan berserker
  4435 | D        | Killed a ghost moth
  4445 | D        | Noticed a spriggan defender
  4448 | D        | Noticed a spriggan defender
  4454 | D        | Killed a spriggan defender
  4455 | D        | Killed a spriggan defender
  4511 | D        | Got the Orb of Zot
  4632 | D        | Noticed Tymuott the pandemonium lord
  4651 | D        | Slain by Tymuott the pandemonium lord

Action                   |  1- 3 |  4- 6 |  7- 9 | 10-12 | 13-15 || total
-------------------------+-------+-------+-------+-------+-------++-------
Melee: Dagger            |     9 |     6 |    17 |     3 |       ||    35
       Cutlass           |       |       |       |    65 |     4 ||    69
Throw: Dart              |       |       |     1 |     1 |       ||     2
 Cast: Searing Ray       |       |       |       |     9 |     2 ||    11
       Shock             |       |       |       |    28 |    16 ||    44
       Mephitic Cloud    |       |       |       |    18 |     2 ||    20
       Conjure Flame     |       |       |       |    15 |       ||    15
       Fireball          |       |       |       |    17 |     7 ||    24
       Iskenderun's Batt |       |       |       |    11 |     4 ||    15
       Poisonous Cloud   |       |       |       |     4 |     2 ||     6
       Blink             |       |       |       |     1 |       ||     1
       Freezing Cloud    |       |       |       |       |     1 ||     1
 Abil: Evoke Invisibilit |       |     1 |     3 |     6 |     1 ||    11
Evoke: Wand              |       |       |       |     1 |       ||     1
  Use: Scroll            |       |       |       |    11 |       ||    11
       Potion            |       |       |       |     7 |     2 ||     9
 Stab: Sleeping          |     4 |     6 |    17 |    20 |     4 ||    51
       Invisible         |       |       |       |     9 |       ||     9
       Confused          |       |       |       |     4 |       ||     4
